 Dungeon Crawl Stone Soup version 0.26.0-18-gc5c842f807 (webtiles) character file.

Game seed: 7200434768231623990

12352 hawla the Thaumaturge (level 11, -1/77 HPs)
             Began as a Yellow Draconian Conjurer on Jan 22, 2021.
             Was an Initiate of Gozag.
             Shot with an arrow by a centaur warrior (24 damage)
             ... on level 15 of the Dungeon.
             The game lasted 00:48:18 (14310 turns).

hawla the Thaumaturge (Yellow Draconian Conjurer)  Turns: 14310, Time: 00:48:19

Health: -1/77      AC: 13    Str: 10    XL:     11   Next: 61%
Magic:  13/25      EV: 12    Int: 19    God:    Gozag
Gold:   1617       SH:  0    Dex: 10    Spells: 18/30 levels left

rFire    + . .     SeeInvis .   B - +1 quarterstaff
rCold    . . .     Faith    .   (shield currently unavailable)
rNeg     . . .     Spirit   .   (armour unavailable)
rPois    +         Reflect  .   (helmet restricted)
rElec    .         Harm     .   C - +1 cloak
rCorr    +         Rampage  .   f - +1 pair of gloves
Will     .....     Clarity  +   g - +1 pair of boots
Stlth    ++........             A - amulet of regeneration
HPRegen  0.62/turn              a - ring of poison resistance
MPRegen  0.19/turn              b - ring of protection from fire

@: no status effects
A: spit acid, unfitting armour, clarity, dopey 1, cold-blooded, acid resistance,
AC +7
a: Breathe Acid, Renounce Religion, Potion Petition, Call Merchant, Bribe Branch


You were on level 15 of the Dungeon.
You worshipped Gozag.
Gozag was most pleased with you.
You visited 2 branches of the dungeon, and saw 15 of its levels.

You collected 1719 gold pieces.
You paid 102 gold pieces to Gozag.

Inventory:

Hand Weapons
 B - a +1 quarterstaff (weapon)
Missiles
 d - 2 throwing nets
 o - 5 boomerangs (quivered)
 q - 52 poisoned darts
 J - 2 curare-tipped darts
Armour
 f - a +1 pair of gloves (worn)
 g - a +1 pair of boots (worn)
 C - a +1 cloak (worn)
Jewellery
 a - a ring of poison resistance (left hand)
 b - a ring of protection from fire (right hand)
 s - an uncursed ring of positive energy {unknown}
 u - an uncursed ring of ice
 A - an amulet of regeneration (around neck)
 G - a cursed ring of protection from cold {unknown}
Wands
 n - a wand of acid (6)
 r - a wand of iceblast (13)
 t - a wand of flame (33)
 v - a wand of paralysis (2)
 w - a wand of disintegration (13)
 D - a wand of digging (3)
 F - a wand of polymorph (6)
Scrolls
 i - a scroll of fog
 l - 4 scrolls of identify
 m - 5 scrolls of remove curse
 p - 2 scrolls of magic mapping
 x - 3 scrolls of enchant weapon
 y - 2 scrolls of noise {unknown}
Potions
 c - a potion of lignification
 e - 2 potions of attraction
 h - 2 potions of might
 j - a potion of heal wounds
 k - 5 potions of curing
 z - a potion of flight {unknown}
 H - a potion of invisibility
 I - a potion of brilliance


   Skills:
 - Level 1.0 Fighting
 + Level 9.8 Staves
 - Level 1.0 Throwing
 - Level 2.0 Dodging
 - Level 2.0 Stealth
 - Level 4.0 Shields
 + Level 10.2 Spellcasting
 - Level 8.4 Conjurations
 - Level 5.0 Translocations
 - Level 5.0 Fire Magic
 - Level 2.0 Evocations


You had 18 spell levels left.
You knew the following spells:

 Your Spells              Type           Power        Failure   Level
a - Magic Dart            Conj           100%         1%          1
b - Searing Ray           Conj           82%          1%          2
c - Iskenderun's Mystic   Conj/Tloc      35%          4%          4
d - Blink                 Tloc           N/A          1%          2
e - Conjure Flame         Conj/Fire      35%          1%          3

Your spell library contained the following spells:

 Spells                   Type           Power        Failure   Level
 Dazzling Flash           Conj/Hex       50%          3%          3
 Mephitic Cloud           Conj/Pois/Air  20%          7%          3
 Animate Skeleton         Necr           18%          8%          1
 Pain                     Necr           36%          8%          1
 Call Imp                 Summ           9%           11%         2
 Slow                     Hex            9%           11%         2
 Fulminant Prism          Conj/Hex       12%          13%         4
 Vampiric Draining        Necr           4%           22%         3
 Animate Dead             Necr           4%           58%         4
 Agony                    Necr           9%           90%         5


Dungeon Overview and Level Annotations

Branches:
Dungeon (15/15)            Temple (1/1) D:7            Lair (0/6) D:10
    Orc: D:9-12      Vaults: D:13-14     Depths: D:15

Altars:
Ashenzari
Cheibriados
Dithmenos
Elyvilon
Fedhas
Gozag
Hepliaklqana
Kikubaaqudgha
Makhleb
Nemelex Xobeh
Okawaru
Qazlal
Ru
Sif Muna
Trog
Uskayaw
Vehumet
Wu Jian
Xom
Yredelemnul
Zin
The Shining One

Shops:
D:9 [

Annotations:
D:12 Urug


Innate Abilities, Weirdness & Mutations

You can spit globs of acid.
Your golden yellow scales are hard. (AC +7)
You cannot fit into any form of body armour.
You are cold-blooded and may be slowed by cold attacks.
You are resistant to acid. (rCorr)
You possess an exceptional clarity of mind.
You are dopey. (Int -2)


Message History

Found a stone staircase leading down.
The centaur shoots an arrow.
The arrow hits you.
* * * LOW HITPOINT WARNING * * *
There is an open door, spattered with blood here.
You see here an arrow.
Your magical contamination has completely faded away.
There is a stone staircase leading down here.
You climb downwards.
A bullfrog, 4 centaurs and a centaur warrior come into view.
The bullfrog croaks.
The centaur warrior shouts!
The centaur shouts! x3
You hear a shout!
The centaur shouts!
You hear a croak.
Found five items.
There is a stone staircase leading up here.
Okay, then.
As you read the scroll of fog, it crumbles to dust.
The scroll dissolves into smoke.
The centaur warrior wields a +0 shortbow.
The centaur warrior shoots an arrow.
The arrow hits you!!
You die...
Your body crumbles into a pile of gold.

.........
#......)#
#.......#
#?......#
#.?.?...#
#...§§.(#
#...§§§.#
#..§§@§.#
#).§§§§.#
#...c.§c#
#..F....#
#.......#
#.....cc#
#.......#
#.....c.#


You could see a centaur warrior, a bullfrog and 4 centaurs.

Vanquished Creatures
  Harold (D:9)
  2 two-headed ogres
  An unseen horror (D:11)
  Pikel (D:8)
  A manticore (D:11)
  2 trolls (D:11)
  2 slime creatures
  3 wyverns (D:10)
  9 yaks (D:11)
  2 steam dragons (D:7)
  A water moccasin (D:10)
  A sky beast (D:6)
  8 orc warriors
  3 ice beasts
  3 black bears (D:10)
  4 phantoms
  4 ogres
  3 wolves (D:10)
  4 centaurs
  4 lemures
  7 bullfrogs
  A water moccasin skeleton (D:11)
  8 scorpions
  5 killer bees (D:6)
  22 wights
  4 hounds
  7 orc priests
  14 orc wizards
  4 jellies
  8 iguanas
  Ijyb (D:5)
  6 worker ants
  2 hound zombies
  2 hound skeletons (D:4)
  4 gnolls (D:6)
  A howler monkey skeleton (D:7)
  2 worker ant zombies (D:5)
  12 adders
  4 adder skeletons
  2 adder zombies
  5 worms
  2 dart slugs
  6 leopard geckos
  35 orcs
  A ball python (D:5)
  8 bats
  4 giant cockroaches
  7 goblins
  6 hobgoblins
  5 jackals
  6 quokkas
  3 frilled lizards
  9 kobolds
  A leopard gecko skeleton (D:4)
  A leopard gecko zombie (D:5)
  A quokka skeleton (D:7)
  6 rats
281 creatures vanquished.

Vanquished Creatures (others)
  21 fungi
  5 plants (D:10)
26 creatures vanquished.

Grand Total: 307 creatures vanquished

Notes
Turn   | Place    | Note
-------+----------+-------------------------------------------
     0 | D:1      | hawla the Draconian Conjurer began the quest for the Orb.
     0 | D:1      | Reached XP level 1. HP: 14/14 MP: 3/3
     2 | D:1      | Upgraded the game from 0.26.0-16-gc1dbca0489 to
                  | 0.26.0-18-gc5c842f807
   212 | D:1      | Reached skill level 1 in Fighting
   212 | D:1      | Reached XP level 2. HP: 23/23 MP: 0/5
   215 | D:1      | Learned a level 2 spell: Searing Ray
  1126 | D:2      | Reached XP level 3. HP: 28/28 MP: 4/7
  1140 | D:2      | Reached skill level 3 in Spellcasting
  1208 | D:2      | Found an iron altar of Okawaru.
  1376 | D:2      | Reached XP level 4. HP: 35/35 MP: 5/9
  1381 | D:2      | Learned a level 4 spell: Iskenderun's Mystic Blast
  1532 | D:2      | Found a snail-covered altar of Cheibriados.
  1532 | D:2      | Found a burning altar of Makhleb.
  1900 | D:2      | Found a sacrificial altar of Ru.
  1900 | D:2      | Found a white marble altar of Elyvilon.
  2398 | D:3      | Learned a level 2 spell: Blink
  2438 | D:3      | Reached skill level 1 in Translocations
  2538 | D:3      | Reached XP level 5. HP: 36/40 MP: 1/10
  2926 | D:3      | Found a faded altar of an unknown god.
  3013 | D:4      | Noticed a phantom
  3232 | D:3      | Killed a phantom
  3233 | D:3      | Reached skill level 4 in Spellcasting
  3350 | D:4      | Reached XP level 6. HP: 47/47 MP: 1/12
  3399 | D:4      | Reached skill level 5 in Conjurations
  3908 | D:4      | Found a basalt altar of Yredelemnul.
  3990 | D:4      | Found a blossoming altar of Fedhas.
  3995 | D:4      | Found a stormy altar of Qazlal.
  4092 | D:5      | Entered Level 5 of the Dungeon
  4116 | D:5      | Noticed an ice beast
  4122 | D:5      | Killed an ice beast
  4123 | D:5      | Your scales start taking on a golden yellow colour.
  4123 | D:5      | Reached XP level 7. HP: 52/52 MP: 0/13
  4123 | D:5      | Gained mutation: You are resistant to acid. (rCorr) [Yellow
                  | Draconian growth]
  4273 | D:5      | Gained mutation: You are dopey. (Int -2) [potion of
                  | mutation]
  4273 | D:5      | Gained mutation: You possess an exceptional clarity of
                  | mind. [potion of mutation]
  4797 | D:5      | Learned a level 3 spell: Conjure Flame
  4869 | D:5      | Noticed Ijyb
  4876 | D:5      | Killed Ijyb
  4933 | D:5      | Reached skill level 1 in Fire Magic
  5051 | D:5      | Got a faintly glowing trident
  5051 | D:5      | Identified the +7 trident of Disintegration {elec, rF-
                  | Str+4 Int+4} (You found it on level 5 of the Dungeon)
  5154 | D:5      | Found a glowing golden altar of the Shining One.
  5217 | D:5      | Found a glowing silver altar of Zin.
  5456 | D:5      | Found an iron altar of Okawaru.
  5457 | D:5      | Found an ancient bone altar of Kikubaaqudgha.
  5458 | D:5      | Found a bloodstained altar of Trog.
  5459 | D:5      | Found a shadowy altar of Dithmenos.
  5684 | D:6      | Reached skill level 1 in Throwing
  5684 | D:6      | Reached skill level 1 in Evocations
  5691 | D:6      | Reached skill level 5 in Spellcasting
  5691 | D:6      | Reached skill level 5 in Translocations
  5691 | D:6      | Reached XP level 8. HP: 31/59 MP: 1/15
  6384 | D:6      | Reached skill level 1 in Staves
  6384 | D:6      | Reached skill level 1 in Shields
  6942 | D:7      | Found a staircase to the Ecumenical Temple.
  6952 | D:7      | Got a distressingly furry kite shield
  6953 | D:7      | Identified the +2 kite shield of Gobbasud {rN+} (You found
                  | it on level 7 of the Dungeon)
  6958 | Temple   | Entered the Ecumenical Temple
  7001 | Temple   | Became a worshipper of Gozag Ym Sagoz the Greedy
  7210 | D:7      | Reached XP level 9. HP: 61/64 MP: 7/17
  7704 | D:7      | Reached skill level 6 in Spellcasting
  8046 | D:8      | Noticed Pikel
  8669 | D:8      | Killed Pikel
  9009 | D:8      | Reached XP level 10. HP: 55/71 MP: 1/20
  9010 | D:8      | Reached skill level 5 in Fire Magic
  9677 | D:8      | Noticed a two-headed ogre
  9686 | D:8      | Killed a two-headed ogre
  9687 | D:8      | Reached skill level 5 in Staves
  9687 | D:8      | Reached skill level 7 in Spellcasting
  9904 | D:9      | Found Deoxto Titi's Antique Armour Emporium.
 10260 | D:9      | Noticed Harold
 10313 | D:9      | Killed Harold
 10546 | D:9      | Reached skill level 8 in Spellcasting
 11230 | D:10     | Entered Level 10 of the Dungeon
 11685 | D:10     | Found a staircase to the Lair.
 12035 | D:10     | Reached XP level 11. HP: 77/77 MP: 16/23
 12038 | D:10     | Reached skill level 9 in Spellcasting
 12977 | D:11     | Noticed a two-headed ogre
 13094 | D:11     | Killed a two-headed ogre
 13706 | D:11     | Killed an unseen horror
 13884 | D:11     | Reached skill level 10 in Spellcasting
 14025 | D:12     | Noticed Urug
 14261 | D:11     | You fall into a shaft and drop 3 floors!
 14286 | D:14     | Noticed a boulder beetle
 14309 | D:15     | Entered Level 15 of the Dungeon
 14309 | D:15     | Noticed a centaur warrior
 14310 | D:15     | Shot with an arrow by a centaur warrior

Illustrated notes

Levels and vault maps discovered:
D:1:      dpeg_arrival_erosion, layout_basic
D:2:      layout_basic, amethyst_overflow_temple_binary,
          chequers_temple_overflow_statue_of_worship, small_statue_intersection,
          chequers_avenue, amcnicky_mini_pool_small, minmay_misc_feat_columns,
          okawaru_trees_2
D:3:      layout_basic, chequers_ecumenical_altar_lobes
D:4:      layout_rooms, grunt_temple_overflow_forces_of_nature,
          overflow_temple_1_default
D:5:      minmay_octagon_keep, layout_cave_pods, minitemple, basic_altar,
          tso_metal_star, uniq_ijyb
D:6:      layout_cave_pools
D:7:      kennysheep_steamy, layout_basic, temple_fountains
D:8:      layout_loops_ring, uniq_pikel
D:9:      layout_basic, serial_shops, shop, uniq_harold
D:10:     layout_irregular_city, minmay_lair_entry_grove
D:11:     layout_rooms
D:12:     layout_cross, orc_0_dummy, enter_bailey_3, minmay_misc_feat_square,
          minmay_misc_feat_diagonals, uniq_urug, uniq_kirke, uniq_nergalle
D:14:     layout_gridville, david_vaults_1, special_room
          [special_room_mythical_zoo], hive_lemuel, uniq_rupert, uniq_agnes
D:15:     hangedman_depths_entry_civil_slaughter, layout_long_grid
Temple:   minmay_freezing_vapour_temple

Skill      XL: |  1  2  3  4  5  6  7  8  9 10 11 |
---------------+----------------------------------+-----
Dodging        | 2 |  2.0
Stealth        | 2 |  2.0
Fighting       | 1 |  1.0
Spellcasting   | 3 4 5 6 8 10 | 10.2
Translocations | 1 2 3 5 |  5.0
Conjurations   | 5 6 7 8 |  8.4
Fire Magic     | 1 3 4 5 |  5.0
Throwing       | 1 |  1.0
Evocations     | 1 2 |  2.0
Staves         | 2 4 8 9 |  9.8
Shields        | 2 4 |  4.0

Action                   |  1- 3 |  4- 6 |  7- 9 | 10-12 || total
-------------------------+-------+-------+-------+-------++-------
Melee: Unarmed           |    19 |       |       |       ||    19
       Tailslap          |     1 |     4 |     5 |     5 ||    15
       Whip              |     6 |    34 |     9 |       ||    49
       Trident           |       |       |    24 |       ||    24
       Quarterstaff      |       |       |    27 |    83 ||   110
Throw: Boomerang         |       |       |       |    13 ||    13
 Cast: Magic Dart        |    43 |    57 |    68 |    83 ||   251
       Searing Ray       |     9 |    32 |    56 |    64 ||   161
       Iskenderun's Myst |       |     3 |    32 |    57 ||    92
       Blink             |       |       |     2 |     3 ||     5
 Abil: Breathe Acid      |       |       |     5 |     3 ||     8
Evoke: Wand              |       |       |     5 |    10 ||    15
  Use: Scroll            |     4 |     6 |    13 |     8 ||    31
       Potion            |       |       |     2 |     8 ||    10
 Stab: Paralysed         |       |       |       |     3 ||     3
Armor: Skin              |     9 |    42 |    44 |   103 ||   198
Dodge: Dodged            |    15 |    62 |   108 |   105 ||   290
